TOP OF THE 1ST |
Buffalo White Walkers batting - Pitching for Mississippi Mockingbirds : RHP Paul Dudding
|
Pitching: RHP Paul Dudding
|
|
Batting: LHB Dread Roberts
|
0-0: Called Strike 0-1: Ball 1-1: Ball 2-1: Ground out 4-3 (Groundball, 4, EV 101.9 MPH)
|
Batting: LHB Jesús Lazcano
|
0-0: Called Strike 0-1: Fly out, F2 (Popup, 25F, EV 80.0 MPH)
|
Batting: SHB Je-myung Yu
|
0-0: Ball 1-0: Swinging Strike 1-1: Ball 2-1: SINGLE (Groundball, 34D, EV 105.0 MPH)
|
Batting: RHB Derek Bangert
|
0-0: Foul Ball, location: 2F 0-1: Ball 1-1: Fielders Choice at 2nd, 6-4 (Groundball, 56, EV 85.0 MPH)
|
Top of the 1st over - 0 runs, 1 hit, 0 errors, 1 left on base; Buffalo 0 - Mississippi 0 |
BOTTOM OF THE 1ST |
Mississippi Mockingbirds batting - Pitching for Buffalo White Walkers : LHP Zhao-ji Qiu
|
Pitching: LHP Zhao-ji Qiu
|
|
Batting: RHB Cornelio Japón
|
0-0: Called Strike 0-1: Ball 1-1: Ball 2-1: Ball 3-1: SINGLE (Groundball, 56D, EV 108.1 MPH)
|
Batting: RHB Ellis Greenham
|
0-0: Called Strike 0-1: Foul Ball, location: 2F 0-2: Ball 1-2: Ball 2-2: Foul Ball, location: 2F 2-2: Fielders Choice at 2nd, 1-6 (Groundball, 34S, EV 85.6 MPH)
|
Batting: RHB Orlando Velásquez
|
0-0: Grounds into double play, 6-4-3 (Groundball, 6, EV 83.8 MPH)
|
Bottom of the 1st over - 0 runs, 1 hit, 0 errors, 0 left on base; Buffalo 0 - Mississippi 0 |
TOP OF THE 2ND |
Buffalo White Walkers batting - Pitching for Mississippi Mockingbirds : RHP Paul Dudding
|
Batting: LHB Gilberto Ocasio
|
0-0: Ball 1-0: Foul Ball, location: 2F 1-1: Ground out U3 (Groundball, 34, EV 111.9 MPH)
|
Batting: RHB Tom Smythe
|
0-0: Ball 1-0: Ball 2-0: Called Strike 2-1: Foul Ball, location: 2F 2-2: Fly out, F9 (Flyball, 9LSF, EV 92.5 MPH)
|
Batting: RHB Daryl Yandell
|
0-0: Called Strike 0-1: Ball 1-1: Ground out 5-3 (Groundball, 56S, EV 83.1 MPH)
|
Top of the 2nd over - 0 runs, 0 hits, 0 errors, 0 left on base; Buffalo 0 - Mississippi 0 |
BOTTOM OF THE 2ND |
Mississippi Mockingbirds batting - Pitching for Buffalo White Walkers : LHP Zhao-ji Qiu
|
Batting: RHB Bobby Butterfield
|
0-0: Ball 1-0: Fly out, F8 (Flyball, 8RXD, EV 93.1 MPH)
|
Batting: RHB Alco Compagne
|
0-0: Ball 1-0: Fly out, F7 (Flyball, 7S, EV 85.0 MPH)
|
Batting: LHB Rylen Roersma
|
0-0: Foul Ball, location: 2F 0-1: SINGLE (Line Drive, 34D, EV 106.9 MPH)
|
Batting: RHB José Carlos Pérez
|
0-0: Fly out, F7 (Flyball, 7LSF, EV 83.8 MPH)
|
Bottom of the 2nd over - 0 runs, 1 hit, 0 errors, 1 left on base; Buffalo 0 - Mississippi 0 |
TOP OF THE 3RD |
Buffalo White Walkers batting - Pitching for Mississippi Mockingbirds : RHP Paul Dudding
|
Batting: RHB Cisco Feijoo
|
0-0: Called Strike 0-1: Fly out, F3 (Popup, 3SF, EV 86.2 MPH)
|
Batting: RHB Peter Holland
|
0-0: Ball 1-0: Called Strike 1-1: Ground out U3 (Groundball, 34, EV 103.8 MPH)
|
Batting: LHB Dread Roberts
|
0-0: Called Strike 0-1: Ball 1-1: Ground out 4-3 (Groundball, 4, EV 93.1 MPH)
|
Top of the 3rd over - 0 runs, 0 hits, 0 errors, 0 left on base; Buffalo 0 - Mississippi 0 |
BOTTOM OF THE 3RD |
Mississippi Mockingbirds batting - Pitching for Buffalo White Walkers : LHP Zhao-ji Qiu
|
Batting: RHB Brian Rowe
|
0-0: Ball 1-0: Called Strike 1-1: Ball 2-1: Swinging Strike 2-2: Ball 3-2: Foul Ball, location: 2F 3-2: Foul Ball, location: 2F 3-2: Base on Balls
|
Batting: LHB Yin-reng Hsueh
|
0-0: Ball 1-0: Called Strike 1-1: Ball 2-1: Foul Ball, location: 2F 2-2: Foul Ball, location: 2F 2-2: Strikes out swinging
|
Batting: RHB Cornelio Japón
|
0-0: Ball Brian Rowe steals 2nd base 1-0: Ball 2-0: Ball 3-0: Called Strike 3-1: Ground out 5-3 (Groundball, 56S, EV 83.8 MPH)
|
Batting: RHB Ellis Greenham
|
0-0: Foul Ball, location: 2F 0-1: Ball 1-1: Foul Ball, location: 2F 1-2: Ground out 6-3 (Groundball, 6S, EV 76.2 MPH)
|
Bottom of the 3rd over - 0 runs, 0 hits, 0 errors, 1 left on base; Buffalo 0 - Mississippi 0 |
TOP OF THE 4TH |
Buffalo White Walkers batting - Pitching for Mississippi Mockingbirds : RHP Paul Dudding
|
Batting: LHB Jesús Lazcano
|
0-0: Ball 1-0: Ball 2-0: Called Strike 2-1: Ball 3-1: Base on Balls
|
Batting: SHB Je-myung Yu
|
0-0: Ball 1-0: Called Strike 1-1: Ball 2-1: Ball 3-1: Called Strike 3-2: Foul Ball, location: 2F 3-2: Strikes out looking Jesús Lazcano is caught stealing 2nd base 2-6 Batter strikes out.
|
Batting: RHB Derek Bangert
|
0-0: Called Strike 0-1: Ball 1-1: Foul Ball, location: 2F 1-2: Foul Ball, location: 2F 1-2: Ball 2-2: Ball 3-2: SINGLE (Line Drive, 9S, EV 105.6 MPH)
|
Batting: LHB Gilberto Ocasio
|
0-0: Ground out U3 (Groundball, 34S, EV 80.6 MPH)
|
Top of the 4th over - 0 runs, 1 hit, 0 errors, 1 left on base; Buffalo 0 - Mississippi 0 |
BOTTOM OF THE 4TH |
Mississippi Mockingbirds batting - Pitching for Buffalo White Walkers : LHP Zhao-ji Qiu
|
Batting: RHB Orlando Velásquez
|
0-0: Ball 1-0: Fly out, F7 (Flyball, 7D, EV 101.2 MPH)
|
Batting: RHB Bobby Butterfield
|
0-0: Called Strike 0-1: Foul Ball, location: 2F 0-2: SINGLE (Line Drive, 9S, EV 94.4 MPH)
|
Batting: RHB Alco Compagne
|
0-0: Ball 1-0: Grounds into double play, 5-4-3 (Groundball, 56S, EV 80.6 MPH)
|
Bottom of the 4th over - 0 runs, 1 hit, 0 errors, 0 left on base; Buffalo 0 - Mississippi 0 |
TOP OF THE 5TH |
Buffalo White Walkers batting - Pitching for Mississippi Mockingbirds : RHP Paul Dudding
|
Batting: RHB Tom Smythe
|
0-0: Called Strike 0-1: Ball 1-1: Foul Ball, location: 2F 1-2: Strikes out looking
|
Batting: RHB Daryl Yandell
|
0-0: Ball 1-0: Ball 2-0: Ball 3-0: Called Strike 3-1: Foul Ball, location: 2F 3-2: Foul Ball, location: 2F 3-2: Base on Balls
|
Pitching: RHP Jason Hartridge
|
|
Batting: RHB Cisco Feijoo
|
0-0: Foul Ball, location: 2F 0-1: Swinging Strike 0-2: Grounds into double play, 5-4-3 (Groundball, 5, EV 108.1 MPH)
|
Top of the 5th over - 0 runs, 0 hits, 0 errors, 0 left on base; Buffalo 0 - Mississippi 0 |
BOTTOM OF THE 5TH |
Mississippi Mockingbirds batting - Pitching for Buffalo White Walkers : LHP Zhao-ji Qiu
|
Batting: LHB Rylen Roersma
|
0-0: Called Strike 0-1: Ball 1-1: Hit by Pitch
|
Batting: RHB José Carlos Pérez
|
0-0: Bunted foul 0-1: Sac Bunt to 15S - play at first, batter OUT! 1-4 Rylen Roersma to second
|
Batting: RHB Brian Rowe
|
0-0: Ball 1-0: Ground out 6-3 (Groundball, 6, EV 98.8 MPH)
|
Batting: LHB Yin-reng Hsueh
|
0-0: Ball 1-0: Foul Ball, location: 2F 1-1: Swinging Strike 1-2: Foul Ball, location: 2F 1-2: Strikes out swinging
|
Bottom of the 5th over - 0 runs, 0 hits, 0 errors, 1 left on base; Buffalo 0 - Mississippi 0 |
TOP OF THE 6TH |
Buffalo White Walkers batting - Pitching for Mississippi Mockingbirds : RHP Jason Hartridge
|
Batting: RHB Peter Holland
|
0-0: Swinging Strike 0-1: Called Strike 0-2: Ball 1-2: Strikes out swinging
|
Batting: LHB Dread Roberts
|
0-0: Ball 1-0: Ground out U3 (Groundball, 3, EV 102.5 MPH)
|
Batting: LHB Jesús Lazcano
|
0-0: Called Strike 0-1: Ball 1-1: Ground out 4-3 (Groundball, 4, EV 82.5 MPH)
|
Top of the 6th over - 0 runs, 0 hits, 0 errors, 0 left on base; Buffalo 0 - Mississippi 0 |
BOTTOM OF THE 6TH |
Mississippi Mockingbirds batting - Pitching for Buffalo White Walkers : LHP Zhao-ji Qiu
|
Batting: RHB Cornelio Japón
|
0-0: Called Strike 0-1: Swinging Strike 0-2: Ball 1-2: Foul Ball, location: 2F 1-2: Ball 2-2: Strikes out swinging
|
Batting: RHB Ellis Greenham
|
0-0: Called Strike 0-1: Ground out 5-3 (Groundball, 56S, EV 81.2 MPH)
|
Batting: RHB Orlando Velásquez
|
0-0: SINGLE (Groundball, 6MD, EV 102.5 MPH)
|
Batting: RHB Bobby Butterfield
|
0-0: Called Strike 0-1: Ground out 6-3 (Groundball, 6, EV 106.2 MPH)
|
Bottom of the 6th over - 0 runs, 1 hit, 0 errors, 1 left on base; Buffalo 0 - Mississippi 0 |
TOP OF THE 7TH |
Buffalo White Walkers batting - Pitching for Mississippi Mockingbirds : RHP Jason Hartridge
|
Batting: SHB Je-myung Yu
|
0-0: Ball 1-0: Ball 2-0: Called Strike 2-1: Swinging Strike 2-2: Foul Ball, location: 2F 2-2: DOUBLE (Line Drive, 78D, EV 106.9 MPH)
|
Batting: RHB Derek Bangert
|
0-0: Called Strike 0-1: Called Strike 0-2: Ball 1-2: Ball 2-2: Ball 3-2: 2-RUN HOME RUN (Flyball, 9D, EV 100.6 MPH), Distance : 352 ft
|
Batting: LHB Gilberto Ocasio
|
0-0: Ball 1-0: Fly out, F8 (Flyball, 8LM, EV 76.9 MPH)
|
Batting: RHB Tom Smythe
|
0-0: Ball 1-0: Ball 2-0: Called Strike 2-1: SINGLE (Groundball, 6MD, EV 107.5 MPH)
|
Batting: RHB Daryl Yandell
|
0-0: Ball 1-0: Called Strike 1-1: Grounds into double play, 1-4-3 (Groundball, P, EV 75.6 MPH)
|
Top of the 7th over - 2 runs, 3 hits, 0 errors, 0 left on base; Buffalo 2 - Mississippi 0 |
BOTTOM OF THE 7TH |
Mississippi Mockingbirds batting - Pitching for Buffalo White Walkers : LHP Zhao-ji Qiu
|
Batting: RHB Alco Compagne
|
0-0: Called Strike 0-1: Foul Ball, location: 2F 0-2: Ball 1-2: Foul Ball, location: 2F 1-2: Strikes out swinging
|
Batting: LHB Rylen Roersma
|
0-0: Ball 1-0: Ball 2-0: Called Strike 2-1: Ground out 6-3 (Groundball, 6M, EV 84.4 MPH)
|
Batting: RHB José Carlos Pérez
|
0-0: Called Strike 0-1: Called Strike 0-2: SINGLE (Line Drive, 7S, EV 93.8 MPH)
|
Batting: RHB Brian Rowe
|
0-0: Ball 1-0: Foul Ball, location: 2F 1-1: SINGLE (Line Drive, 34, EV 96.2 MPH) José Carlos Pérez to second Runner from 2nd tries for 3rd, SAFE, throw by RF made to third
|
Pinch Hitting: SHB Jorge Iglésias
|
0-0: Ball 1-0: Called Strike 1-1: Called Strike 1-2: Foul Ball, location: 2F 1-2: Fielders Choice at 2nd, 6-4 (Groundball, 6, EV 106.2 MPH)
|
Bottom of the 7th over - 0 runs, 2 hits, 0 errors, 2 left on base; Buffalo 2 - Mississippi 0 |
TOP OF THE 8TH |
Buffalo White Walkers batting - Pitching for Mississippi Mockingbirds : RHP Jason Hartridge
|
Now in CF: Jorge Iglésias
|
|
Batting: RHB Cisco Feijoo
|
0-0: Swinging Strike 0-1: Called Strike 0-2: Strikes out swinging
|
Batting: RHB Peter Holland
|
0-0: Foul Ball, location: 2F 0-1: Called Strike 0-2: Ball 1-2: Ball 2-2: Strikes out swinging
|
Batting: LHB Dread Roberts
|
0-0: Ground out 4-3 (Groundball, 4, EV 78.1 MPH)
|
Top of the 8th over - 0 runs, 0 hits, 0 errors, 0 left on base; Buffalo 2 - Mississippi 0 |
BOTTOM OF THE 8TH |
Mississippi Mockingbirds batting - Pitching for Buffalo White Walkers : LHP Zhao-ji Qiu
|
Batting: RHB Cornelio Japón
|
0-0: Swinging Strike 0-1: Ball 1-1: Swinging Strike 1-2: Fly out, F7 (Flyball, 78M, EV 96.9 MPH)
|
Batting: RHB Ellis Greenham
|
0-0: Ball 1-0: Ground out 1-3 (Groundball, P, EV 88.8 MPH)
|
Batting: RHB Orlando Velásquez
|
0-0: Called Strike 0-1: Ball 1-1: SINGLE (Groundball, 6MD, EV 101.9 MPH)
|
Batting: RHB Bobby Butterfield
|
0-0: Called Strike 0-1: Ball 1-1: Foul Ball, location: 2F 1-2: Ground out 6-3 (Groundball, 56, EV 80.6 MPH)
|
Bottom of the 8th over - 0 runs, 1 hit, 0 errors, 1 left on base; Buffalo 2 - Mississippi 0 |
TOP OF THE 9TH |
Buffalo White Walkers batting - Pitching for Mississippi Mockingbirds : RHP Jason Hartridge
|
Batting: LHB Jesús Lazcano
|
0-0: Ball 1-0: Ball 2-0: Called Strike 2-1: Foul Ball, location: 2F 2-2: Ball 3-2: Base on Balls
|
Batting: SHB Je-myung Yu
|
0-0: Ball 1-0: Foul Ball, location: 2F 1-1: Ball 2-1: Ball 3-1: Swinging Strike 3-2: Strikes out swinging Jesús Lazcano steals 2nd base Batter strikes out.
|
Pitching: RHP Raúl Flores
|
|
Batting: RHB Derek Bangert
|
0-0: Called Strike 0-1: Ball 1-1: Ball 2-1: Swinging Strike 2-2: Strikes out swinging
|
Batting: LHB Gilberto Ocasio
|
0-0: Called Strike 0-1: Ball 1-1: Called Strike 1-2: Strikes out swinging
|
Top of the 9th over - 0 runs, 0 hits, 0 errors, 1 left on base; Buffalo 2 - Mississippi 0 |
BOTTOM OF THE 9TH |
Mississippi Mockingbirds batting - Pitching for Buffalo White Walkers : LHP Zhao-ji Qiu
|
Pitching: RHP Woodward Haberdash
|
|
Batting: RHB Alco Compagne
|
0-0: Ball 1-0: Swinging Strike 1-1: Ball 2-1: Ball 3-1: Foul Ball, location: 2F 3-2: SINGLE (Flyball, 89M, EV 91.2 MPH)
|
Batting: LHB Rylen Roersma
|
0-0: Fly out, F7 (Line Drive, 7D, EV 86.2 MPH)
|
Pinch Hitting: LHB Javier Sánchez
|
0-0: Foul Ball, location: 2F 0-1: Fly out, F7 (Flyball, 7S, EV 89.4 MPH)
|
Batting: RHB Brian Rowe
|
0-0: Ball 1-0: Called Strike 1-1: Foul Ball, location: 2F 1-2: Strikes out swinging
|
Bottom of the 9th over - 0 runs, 1 hit, 0 errors, 1 left on base; Buffalo 2 - Mississippi 0 |
|